 Dungeon Crawl Stone Soup version 0.30.0-3-ga4e48a9924 (webtiles) character file.

Game seed: 7599490099839065774

177 ProzacElf the Ruffian (level 5, -1/45 HPs)
             Began as a Troll Hedge Wizard on May 7, 2023.
             Was a Believer of Fedhas.
             Slain by Menkaure (11 damage)
             ... on level 4 of the Dungeon.
             The game lasted 00:07:23 (2456 turns).

ProzacElf the Ruffian (Troll Hedge Wizard)          Turns: 2456, Time: 00:07:23

Health: -1/45      AC:  4    Str: 20    XL:     5   Next: 30%
Magic:  16/16      EV:  6    Int: 10    God:    Fedhas [**....]
Gold:   187        SH:  9    Dex:  9    Spells: 7/8 levels left

rFire   . .          .
                       - Unarmed
rCold   . . .        v - +0 tower shield
rNeg    . . .        k - +0 robe
rPois   .            c - +0 hat
rElec   .            (no cloak)
rCorr   .            (gloves unavailable)
SInv    +            (boots unavailable)
Will    .....        (no amulet)
Stlth   +            t - ring of magical power
HPRegen 1.07/turn    A - ring of see invisible
MPRegen 0.15/turn

%: no passive effects
@: no status effects
A: large, unfitting armour, claws 3, regeneration 1, shaggy fur 1, tough skin 1
a: Renounce Religion, Wall of Briars


You were on level 4 of the Dungeon.
You worshipped Fedhas.
Fedhas was pleased with you.
You visited 1 branch of the dungeon, and saw 4 of its levels.

You collected 187 gold pieces.

Inventory:

Hand Weapons
 b - a +2 mace of holy wrath
 d - a +0 dagger
Missiles
 e - 3 atropa-tipped darts
 z - 4 poisoned darts
Armour
 c - a +0 hat (worn)
 k - a +0 robe (worn)
 v - a +0 tower shield (worn)
Jewellery
 t - a ring of magical power (left claw)
 A - a ring of see invisible (right claw)
Wands
 p - a wand of mindburst (10)
 r - a wand of quicksilver (13)
 y - a wand of digging (2)
Scrolls
 f - 3 scrolls of amnesia {unknown}
 g - 2 scrolls of enchant armour {unknown}
 h - 10 scrolls of identify {unknown}
 n - a scroll of noise {unknown}
 o - a scroll of enchant weapon {unknown}
 q - a scroll of magic mapping {unknown}
 s - a scroll of teleportation {unknown}
 u - a scroll of silence {unknown}
 x - a scroll of vulnerability {unknown}
Potions
 a - a potion of magic
 i - a potion of cancellation {unknown}
 j - 4 potions of curing {unknown}
 l - a potion of degeneration {unknown}
 m - 3 potions of ambrosia {unknown}
 w - a potion of haste {unknown}


   Skills:
 - Level 1.5 Dodging
 - Level 1.0 Stealth
 + Level 3.4 Unarmed Combat
 - Level 2.0 Spellcasting
 - Level 0.6 Conjurations
 - Level 0.6 Summonings
 - Level 0.6 Translocations
 + Level 3.1 Invocations


You had 7 spell levels left.
You knew the following spells:

 Your Spells              Type           Power      Damage    Failure   Level
a - Magic Dart            Conj           8%         1d3       94%         1

Your spell library contained the following spells:

 Spells                   Type           Power      Damage    Failure   Level
 Slow                     Hex            4%         N/A       97%         1
 Blink                    Tloc           4%         N/A       98%         2
 Call Imp                 Summ           4%         N/A       98%         2
 Cigotuvi's Dreadful Rot  Necr/Pois/Air  2%         N/A       99%         2
 Mephitic Cloud           Conj/Pois/Air  1%         N/A       100%        3


Dungeon Overview and Level Annotations

Branches:
Dungeon (4/15)
 Temple: D:4-7

Altars:
Fedhas

Annotations:
D:4 Menkaure


Innate Abilities, Weirdness & Mutations

You are too large for most types of armour.
You have claws for hands.
Your natural rate of healing is unusually fast.
You are covered in fur. (AC +1)
You have tough skin. (AC +1)


Message History

Thar be a stone staircase leadin' down 'ere.
Ye take 2 damage, an' haf 31/45 hp.
Ye claw tha endoplasm!
Ye kill tha endoplasm!
Fedhas accepts yer kill.
Ye regain'd 2 hp, an' now haf 33/45 hp.
Ye start restin'.
HP restored.
Health restored: 45 Ye climb downwards.
Level annotation: Menkaure Thar be a stone staircase leadin' up 'ere.
Aimin': Mindburst
Press: ? - help, Shift-Dir - straight line, f - Menkaure
Aim: Menkaure (chance ta affect: 64%) Menkaure's mind be blasted!!
Menkaure gestures wildly while chantin'.
Menkaure seems ta speed up.
Ye see 'ere a hobgoblin corpse.
Ye barely miss Menkaure.
Menkaure be almost destroyed.
Menkaure calls on tha powers o' darkness!
Yer body be wracked wit' pain!
Menkaure hits ye!
* * * LOW HITPOINT WARNIN'
* * * Ye take 33 damage, an' haf 12/45 hp.
MASSIVE DAMAGE!!
Ye scratch Menkaure.
Menkaure be almost destroyed.
Menkaure hits ye but does nay damage.
Menkaure barely misses ye.
Ye barely miss Menkaure.
Menkaure be almost destroyed.
Menkaure calls on tha powers o' darkness!
Yer body be wracked wit' pain!
* * * LOW HITPOINT WARNIN'
* * * Ye take 4 damage, an' haf 9/45 hp.
Aimin': Mindburst
Press: ? - help, Shift-Dir - straight line, f/p - Menkaure
Aim: Menkaure (almost destroyed, fast, chance ta affect: 64%) Menkaure struggles ta resist.
Menkaure hits ye!
Ye die...
Fedhas appreciates yer contribution ta tha ecosystem.

##....# ##...# ######
##..# #....## #.#.#
##.....#####.###
###............#
#............#.##
###...........M.#
#.).........@.##
#...........†..##
######'#######......#
.............#..<...#
.............#......#
.....)♣......#.......#
......♣......#.......#
...♣..♣..♣...#........#
...♣..♣..♣...#......#..#


You could see Menkaure (fast).

Vanquished Creatures
  A hound (D:4)
  Jessica (D:3)
  Terence (D:3)
  5 adders
  2 worms (D:3)
  An orc (D:4)
  5 ball pythons
  2 bats
  4 endoplasms
  3 giant cockroaches
  2 goblins (D:2)
  2 hobgoblins
  4 kobolds
  4 quokkas
  8 frilled lizards
  3 rats
48 creatures vanquished.

Notes
Turn   | Place    | Note
-------+----------+-------------------------------------------
     0 | D:1      | ProzacElf the Troll Hedge Wizard began the quest for the
                  | Orb.
     0 | D:1      | Reached XP level 1. HP: 16/16 MP: 2/2
    18 | D:1      | Found a faded altar of an unknown god.
    25 | D:1      | Prayed at the altar of an unknown god.
    25 | D:1      | Became a worshipper of Fedhas Madash
    25 | D:1      | Reached * piety under Fedhas
   459 | D:1      | Reached skill level 1 in Unarmed Combat
   541 | D:2      | Reached XP level 2. HP: 24/24 MP: 4/4
   547 | D:2      | Reached skill level 1 in Invocations
   663 | D:2      | Reached XP level 3. HP: 31/31 MP: 5/5
   693 | D:2      | Reached ** piety under Fedhas
  1089 | D:3      | Reached XP level 4. HP: 39/39 MP: 6/6
  1796 | D:3      | Noticed Terence
  1805 | D:3      | Killed Terence
  2039 | D:3      | Noticed Jessica
  2050 | D:3      | Killed Jessica
  2309 | D:4      | Reached XP level 5. HP: 38/45 MP: 7/7
  2405 | D:4      | Noticed Menkaure
  2456 | D:4      | Slain by Menkaure

Illustrated notes

Levels and vault maps discovered:
D:1:      lightli_arrival_chessboard, layout_rooms, basic_ecumenical_altar,
          grunt_decor_junction
D:2:      layout_rooms
D:3:      layout_basic, serial_co_window_serial, co_window_paths_a,
          co_window_corner_a, co_window_corner_a, co_window_paths_a,
          co_window_paths_a, co_window_corner_a, co_window_corner_a,
          co_window_paths_a, co_window_paths_a, co_window_corner_cb,
          co_window_unsneaky_path_d, co_window_corner_b,
          co_window_unsneaky_path_d, co_window_4corner_b, glass_columns_b,
          glass_columns_c, glass_columns_c, glass_columns_b, glass_columns_c,
          uniq_jessica, uniq_terence
D:4:      layout_cave_pods, grunt_temple_overflow_bloody_war,
          corexii_checkpoint_a, minmay_liquid_box, nicolae_inconvenience_store,
          kennysheep_generic_room_16, uniq_menkaure

Skill      XL: |  1  2  3  4 |
---------------+-------------+-----
Unarmed Combat | 1 2 3 |  3.4
Invocations    | 1 2 3 |  3.1
Dodging        | |  1.5
Stealth        | |  1.0
Spellcasting   | |  2.0
Conjurations   | |  0.6
Summonings     | |  0.6
Translocations | |  0.6

Action                     |  1- 3 |  4- 6 || total
---------------------------+-------+-------++-------
  Melee: Unarmed           |   139 |    55 ||   194
         Punch             |     2 |     1 ||     3
  Evoke: Wand              |       |     2 ||     2
   Stab: Sleeping          |     1 |       ||     1
 Armour: Robe              |    52 |    16 ||    68
  Dodge: Dodged            |    83 |    18 ||   101
  Block: Tower shield      |       |    18 ||    18

Action                     |  1- 3 |  4- 6 || total
---------------------------+-------+-------++-------
  Melee: Unarmed           |   139 |    55 ||   194
         Punch             |     2 |     1 ||     3
  Evoke: Wand              |       |     2 ||     2
   Stab: Sleeping          |     1 |       ||     1
 Armour: Robe              |    52 |    16 ||    68
  Dodge: Dodged            |    83 |    18 ||   101
  Block: Tower shield      |       |    18 ||    18

Levels and vault maps discovered:
D:1:      lightli_arrival_chessboard, layout_rooms, basic_ecumenical_altar,
          grunt_decor_junction
D:2:      layout_rooms
D:3:      layout_basic, serial_co_window_serial, co_window_paths_a,
          co_window_corner_a, co_window_corner_a, co_window_paths_a,
          co_window_paths_a, co_window_corner_a, co_window_corner_a,
          co_window_paths_a, co_window_paths_a, co_window_corner_cb,
          co_window_unsneaky_path_d, co_window_corner_b,
          co_window_unsneaky_path_d, co_window_4corner_b, glass_columns_b,
          glass_columns_c, glass_columns_c, glass_columns_b, glass_columns_c,
          uniq_jessica, uniq_terence
D:4:      layout_cave_pods, grunt_temple_overflow_bloody_war,
          corexii_checkpoint_a, minmay_liquid_box, nicolae_inconvenience_store,
          kennysheep_generic_room_16, uniq_menkaure
